Map: Ultralove

Players

Clem - Winner!

  • Race: Terran Terran
  • Spawn Location: 7:00

Solar

  • Race: Zerg Zerg
  • Spawn Location: 1:00

Event: Esports World Cup 2025

VOD

Have the link to the VOD?

Description

Time

  • Played on: July 23, 2025, 7:54 a.m.
  • Length: 8:41

All games in this series

Show
View Real Time Build Order
Export as new Build Order

Clem Terran - Winner!

Build Orders: 2 Factory, Reaper Expand 

Get SALT Encoding   

  12  0:00  SCV  
  13  0:12  SCV  
  14  0:17  Supply Depot  
  14  0:24  SCV  
  15  0:38  SCV  
  15  0:40  Barracks  
  15  0:42  Refinery  
  16  0:51  SCV  
  17  1:03  SCV  
  18  1:15  SCV  
  19  1:29  Orbital Command, Reaper  
  20  1:38  Command Center  
  20  1:46  Supply Depot  
  20  1:55  SCV  
  20  2:01  Marine  
  22  2:07  SCV  
  23  2:10  Factory  
  23  2:19  SCV  
  23  2:20  Barracks Reactor  
  24  2:31  SCV  
  25  2:38  Command Center  
  25  2:43  SCV  
  26  2:51  Orbital Command  
  26  2:55  SCV  
  27  2:58  Factory  
  27  3:02  Refinery  
  27  3:07  SCV  
  27  3:11  Hellion  
  30  3:14  Hellion  
  30  3:17  SCV  
  30  3:19  SCV  
  34  3:20  Barracks Tech Lab  
  34  3:29  SCV  
  34  3:31  SCV  
  34  3:32  Hellion  
  38  3:36  Hellion  
  38  3:41  SCV  
  41  3:44  SCV  
  41  3:48  Factory  
  42  3:50  Orbital Command  
  42  3:53  Cyclone  
  42  3:55  SCV  
  46  3:58  SCV  
  46  4:02  Hellion  
  50  4:04  Hellion  
  50  4:08  Supply Depot  
  50  4:09  SCV  
  52  4:11  Barracks Tech Lab  
  52  4:14  Refinery  
  52  4:15  SCV  
  52  4:16  SCV  
  54  4:21  SCV  
  54  4:22  Mag-Field Accelerator  
  55  4:27  SCV  
  56  4:32  Supply Depot, SCV  
  56  4:35  Cyclone  
  56  4:37  Refinery, SCV  
  61  4:42  Hellion x2  
  61  4:44  SCV x2  
  67  4:51  SCV  
  68  4:54  Cyclone  
  68  4:56  Supply Depot, SCV  
  68  4:57  SCV  
  73  5:03  SCV  
  73  5:05  Hellion x2  
  73  5:06  Infernal Pre-Igniter  
  76  5:08  Orbital Command, Supply Depot, SCV  
  77  5:18  Cyclone, SCV  
  77  5:19  Supply Depot  
  77  5:20  SCV  
  82  5:23  Supply Depot  
  82  5:26  Cyclone  
  82  5:27  Supply Depot  
  85  5:30  SCV  
  85  5:33  Supply Depot  
  85  5:34  Hellion x2  
  90  5:36  SCV x2  
  90  5:42  SCV  
  93  5:48  Supply Depot, SCV x2  
  95  5:52  Barracks Tech Lab  
  95  5:53  Factory  
  95  5:54  SCV  
  95  5:55  Factory  
  89  5:57  Cyclone  
  89  6:00  Cyclone, SCV  
  89  6:03  SCV  
  97  6:05  Hellion  
  97  6:06  Hellion  
  97  6:10  Supply Depot  
  97  6:11  SCV  
  102  6:14  SCV  
  102  6:16  SCV  
  102  6:23  Supply Depot, SCV  
  103  6:26  SCV  
  103  6:27  Refinery  
  103  6:28  Refinery, SCV  
  103  6:29  Cyclone  
  103  6:31  Hellion x2  
  115  6:32  Cyclone  
  115  6:35  SCV  
  112  6:45  SCV  
  107  6:48  Factory Reactor  
  107  6:49  Cyclone  
  107  6:51  Supply Depot  
  107  6:52  Hellion  
  107  6:53  Hellion  
  111  6:57  Engineering Bay  
  106  7:01  Cyclone  
  106  7:05  Cyclone  
  106  7:06  Command Center  
  112  7:13  Hellion  
  112  7:14  Hellion  
  116  7:21  Cyclone  
  116  7:22  SCV x3  
  113  7:27  Hellion  
  111  7:33  Hellion, Cyclone  
  111  7:34  SCV x3  
  111  7:37  Cyclone  
  105  7:38  Hellion  
  105  7:43  Hellion  
  92  7:51  Hellion  
  94  7:53  Cyclone  
  94  7:54  SCV  
  82  8:03  Hellion x2  
  77  8:05  Cyclone  
  77  8:07  Hellion  
  77  8:09  Cyclone  
  77  8:12  SCV x2  
  80  8:23  SCV  
Show
View Real Time Build Order
Export as new Build Order

Solar Zerg 

Build Orders: Hatch First 

Get SALT Encoding   

  12  0:00  Drone  
  13  0:07  Drone  
  14  0:14  Extractor  
  14  0:15  Drone  
  15  0:21  Overlord  
  15  0:41  Drone  
  16  0:45  Hatchery  
  16  0:48  Drone  
  16  0:52  Drone  
  16  0:56  Drone  
  18  1:06  Extractor  
  17  1:11  Spawning Pool  
  17  1:14  Drone  
  17  1:18  Drone  
  18  1:26  Drone  
  19  1:37  Drone  
  20  1:48  Drone  
  21  1:58  Queen x2  
  21  1:59  Zergling x4  
  27  2:09  Zergling x2  
  27  2:10  Overlord  
  27  2:13  Metabolic Boost  
  28  2:29  Hatchery  
  27  2:32  Drone  
  27  2:34  Drone  
  27  2:36  Drone x2  
  30  2:41  Overlord  
  30  2:50  Queen  
  32  2:53  Drone  
  32  2:55  Drone  
  32  2:58  Drone  
  35  3:02  Drone  
  35  3:03  Drone  
  37  3:08  Drone x2  
  37  3:09  Drone  
  37  3:12  Overlord  
  40  3:15  Drone  
  40  3:17  Drone  
  42  3:21  Drone  
  42  3:24  Overlord  
  43  3:30  Queen  
  43  3:32  Drone  
  43  3:33  Drone  
  47  3:43  Queen  
  47  3:44  Queen  
  47  3:47  Drone x2  
  53  3:49  Zergling x2  
  53  3:51  Drone  
  53  3:52  Drone  
  53  3:54  Drone  
  57  3:58  Overlord  
  57  3:59  Drone  
  57  4:00  Drone  
  59  4:05  Drone x2  
  61  4:12  Drone  
  61  4:13  Drone  
  61  4:15  Overlord  
  63  4:19  Queen  
  63  4:20  Queen  
  63  4:22  Drone  
  68  4:24  Lair  
  68  4:26  Drone x2  
  70  4:32  Zergling x2  
  70  4:35  Spore Crawler  
  70  4:37  Drone, Roach Warren  
  70  4:38  Drone, Extractor  
  71  4:39  Zergling x4  
  71  4:42  Spore Crawler  
  71  4:46  Overlord  
  71  4:48  Drone x2  
  71  4:51  Drone  
  71  4:52  Drone x3  
  77  4:56  Overlord  
  77  4:57  Drone  
  77  4:58  Drone x2, Spore Crawler  
  81  5:04  Drone x2  
  77  5:10  Extractor x2  
  77  5:11  Overlord  
  77  5:12  Zergling x4  
  77  5:18  Overlord  
  77  5:19  Overlord  
  77  5:22  Roach x3  
  77  5:23  Glial Reconstitution  
  77  5:24  Roach  
  85  5:29  Overlord  
  85  5:31  Overlord  
  85  5:33  Overlord  
  85  5:36  Evolution Chamber  
  85  5:39  Overlord  
  84  5:46  Drone, Roach  
  84  5:47  Roach x7  
  100  5:51  Roach x2  
  102  6:01  Roach x2  
  102  6:04  Roach  
  105  6:08  Roach x2  
  109  6:11  Hatchery  
  109  6:13  Drone  
  107  6:21  Roach x2  
  107  6:25  Roach  
  111  6:28  Roach x8  
  111  6:31  Roach  
  111  6:32  Overlord  
  129  6:39  Roach x2  
  124  6:43  Roach x2  
  125  6:50  Roach  
  125  6:54  Ravager x2  
  125  6:55  Zergling x2  
  125  6:56  Zergling x2  
  129  7:01  Roach  
  129  7:02  Zergling x2  
  129  7:04  Zergling x2  
  129  7:05  Zergling x2  
  129  7:07  Zergling x2, Ravager  
  136  7:10  Zergling x4  
  136  7:12  Zergling x2  
  139  7:20  Roach x2  
  139  7:21  Roach  
  141  7:27  Roach x2  
  139  7:33  Roach x3  
  139  7:36  Roach  
  129  7:38  Roach  
  129  7:41  Ravager  
  129  7:42  Zergling x2  
  129  7:43  Ravager  
  123  7:46  Zergling x4  
  123  7:52  Roach x2  
  123  7:56  Roach x2  
  125  8:02  Roach x2  
  125  8:04  Roach  
  119  8:06  Roach  
  119  8:11  Roach  
  119  8:12  Roach  
  116  8:16  Roach  
  110  8:20  Roach x2  
  110  8:22  Roach  
  110  8:23  Zergling x4  
  110  8:24  Ravager  
  110  8:25  Ravager  
  104  8:32  Ravager  
Tags
 
Add a new tag
Caveats
  • Supply blocks, unpowered buildings, or Contaminate may cause inaccurate times.
  • Supply counts are checked every 10 seconds.